 Dungeon Crawl Stone Soup version 0.29-a0-384-g6960b1960d (webtiles) character file.

Game seed: 11229979944352079966

490 happo123 the Digger (level 7, -1/39 HPs)
             Began as a Gargoyle Earth Elementalist on May 6, 2022.
             Was an Initiate of Vehumet.
             Slain by an ice beast (3 damage)
             ... on level 5 of the Dungeon.
             The game lasted 00:26:57 (4764 turns).

happo123 the Digger (Gargoyle Earth Elementalist)   Turns: 4764, Time: 00:26:58

Health: -1/39      AC: 14    Str: 11    XL:     7   Next: 14%
Magic:  1/12       EV: 10    Int: 18    God:    Vehumet [......]
Gold:   307        SH:  0    Dex: 10    Spells: 6/12 levels left

rFire   . . .      SeeInvis .   y - +2 quarterstaff (chaos)
rCold   + . .      Faith    .   (shield currently unavailable)
rNeg    + . .      Spirit   .   A - +1 ring mail {rC+}
rPois   ∞          Reflect  .   x - +0 helmet
rElec   +          Harm     .   z - +0 cloak
rCorr   .          Rampage  .   b - +0 pair of gloves
Will    .....                   (no boots)
Stlth   +.........              (no amulet)
HPRegen 0.13/turn               (no ring)
MPRegen 0.13/turn               (no ring)

@: no status effects
A: sickness immunity, AC +4, negative energy resistance 1, electricity
resistance, torment resistance 1, petrification resistance
a: Renounce Religion


You were on level 5 of the Dungeon.
You worshipped Vehumet.
Vehumet was noncommittal.
You visited 1 branch of the dungeon, and saw 5 of its levels.

You collected 307 gold pieces.

Inventory:

Hand Weapons
 e - a +0 mace
 y - a +2 quarterstaff of chaos (weapon)
Missiles
 a - 64 stones
Armour
 b - a +0 pair of gloves (worn)
 x - a +0 helmet (worn)
 z - a +0 cloak (worn)
 A - a +1 ring mail of cold resistance (worn)
Wands
 w - a wand of digging (5)
Scrolls
 f - a scroll of fear {unknown}
 g - 4 scrolls of teleportation
 h - 2 scrolls of vulnerability {unknown}
 i - 4 scrolls of blinking
 l - 2 scrolls of poison {unknown}
 n - 2 scrolls of identify {unknown}
 p - a scroll of brand weapon {unknown}
 q - a scroll of noise {unknown}
 t - 3 scrolls of amnesia {unknown}
Potions
 c - 2 potions of magic
 d - 2 potions of experience {unknown}
 j - 2 potions of attraction {unknown}
 k - a potion of lignification {unknown}
 m - a potion of resistance {unknown}
 o - a potion of curing {unknown}
 s - a potion of ambrosia {unknown}
 u - a potion of brilliance {unknown}
 v - a potion of mutation {unknown}


   Skills:
 + Level 1.6 Fighting
 + Level 1.6(2.1) Maces & Flails
 + Level 1.9(2.3) Staves
 + Level 2.2 Armour
 + Level 3.0 Dodging
 + Level 2.6 Stealth
 + Level 3.3 Spellcasting
 + Level 0.2 Conjurations
 + Level 0.7 Transmutations
 + Level 5.5 Earth Magic


You had 6 spell levels left.
You knew the following spells:

 Your Spells              Type           Power      Damage    Failure   Level
a - Sandblast             Erth           44%        2d11      3%          1
b - Stone Arrow           Conj/Erth      26%        3d8       34%         3
c - Passwall              Tmut/Erth      11%        N/A       16%         2

Your spell library contained the following spells:

 Spells                   Type           Power      Damage    Failure   Level
 Petrify                  Tmut/Erth      14%        N/A       71%         4
 Animate Armour           Summ/Erth      24%        N/A       75%         4
 Blade Hands              Tmut           2%         N/A       100%        5
 Dispersal                Tloc           1%         N/A       100%        6
 Iron Shot                Conj/Erth      6%         9d2       100%        6
 Disjunction              Tloc           1%         N/A       100%        8


Dungeon Overview and Level Annotations

Branches:
Dungeon (5/15)
 Temple: D:4-7

Altars:
Kikubaaqudgha
Nemelex Xobeh
Vehumet


Innate Abilities, Weirdness & Mutations

You are immune to sickness and miasma.
Your stone body is resilient. (AC +4)
You are immune to poison.
You resist negative energy. (rN+)
You are resistant to electric shocks. (rElec)
You are resistant to unholy torment.
You are immune to petrification.


Message History

The ice beast is heavily wounded.
Something hits you but does no damage. The ice beast closely misses you.
You closely miss something. Something hits you.
The ice beast hits you but does no damage.
You hit the ice beast.
You feel better.
The ice beast is heavily wounded.
Something hits you but does no damage. The ice beast hits you.
The ice beast freezes you. You resist.
The ice beast hits you but does no damage.
Something hits you but does no damage.
You hit the ice beast but do no damage.
The ice beast is heavily wounded.
Something hits you but does no damage. The ice beast completely misses you.
You closely miss the ice beast.
The ice beast is heavily wounded.
Something hits you but does no damage. The ice beast hits you.
The ice beast freezes you. You resist.
You hit the ice beast.
The ice beast seems to speed up.
The ice beast is heavily wounded.
The ice beast barely misses you. Something hits you.
* * * LOW HITPOINT WARNING * * *
The ice beast misses you.
Unknown command.
Aiming: Sandblast (safe; 3% risk of failure)
Press: ? - help, Q - select action, (/) - cycle Shift-Dir - straight line, f/p - ice beast
Aim: an ice beast (heavily wounded, fast, 81% to hit)
Okay, then.
You hit the ice beast but do no damage.
The ice beast flickers and vanishes!
Something hits you.
* * * LOW HITPOINT WARNING * * *
Something freezes you. You resist.
* * * LOW HITPOINT WARNING * * *
You hear some strange, mumbled words.
A puff of flame appears from out of thin air!
The puff of flame hits you but does no damage.
Something hits you but does no damage. Something hits you but does no damage.
Something hits you.
* * * LOW HITPOINT WARNING * * *
Something freezes you. You resist.
You die...

..... .....
...###############.....
#.<..[....##.#.......
#....................
##........#..........
###.................>
............@{..$....
....##........{..#....
##.. ##........#.# #
#.. #....##...#... #
...........## ....
#..........## .....
....##.......# ....
#..## .......## ..Y#
#.. ....#.....


There were no monsters in sight!

Vanquished Creatures
  A phantom (D:5)
  A howler monkey (D:3)
  A hound (D:4)
  Crazy Yiuf (D:3)
  2 orc priests
  Ijyb (D:3)
  An orc wizard (D:3)
  Robin (D:3)
  3 gnolls (D:3)
  5 adders
  3 worms
  2 dart slugs
  17 orcs
  7 bats
  5 endoplasms
  2 giant cockroaches
  16 goblins
  5 hobgoblins
  3 jackals (D:2)
  6 quokkas
  7 ball pythons
  A frilled lizard (D:1)
  7 kobolds
  4 rats (D:1)
102 creatures vanquished.

Notes
Turn   | Place    | Note
-------+----------+-------------------------------------------
     0 | D:1      | happo123 the Gargoyle Earth Elementalist began the quest
                  | for the Orb.
     0 | D:1      | Reached XP level 1. HP: 10/10 MP: 3/3
   102 | D:1      | Reached XP level 2. HP: 9/15 MP: 5/5
   225 | D:1      | Reached skill level 4 in Earth Magic
   567 | D:2      | Reached XP level 3. HP: 16/19 MP: 2/6
   809 | D:2      | Found a faded altar of an unknown god.
   893 | D:2      | Found a sparkling altar of Nemelex Xobeh.
  1023 | D:2      | Learned a level 3 spell: Stone Arrow
  1090 | D:2      | Reached XP level 4. HP: 22/24 MP: 3/7
  1675 | D:3      | Reached skill level 1 in Maces & Flails
  1707 | D:3      | Noticed Robin
  1715 | D:3      | Killed Robin
  1753 | D:3      | Reached XP level 5. HP: 4/28 MP: 0/9
  2109 | D:3      | Noticed Ijyb
  2122 | D:3      | Killed Ijyb
  2278 | D:3      | Reached skill level 1 in Armour
  2289 | D:3      | Reached skill level 5 in Earth Magic
  2973 | D:3      | Found a runed translucent door.
  2974 | D:3      | Noticed Crazy Yiuf
  2984 | D:3      | Killed Crazy Yiuf
  3299 | D:3      | Reached XP level 6. HP: 31/33 MP: 10/10
  3379 | D:3      | Reached skill level 1 in Staves
  3653 | D:3      | Learned a level 2 spell: Passwall
  3664 | D:4      | Found an ancient bone altar of Kikubaaqudgha.
  4102 | D:4      | Reached skill level 1 in Fighting
  4231 | D:4      | Found a radiant altar of Vehumet.
  4242 | D:4      | Became a worshipper of Vehumet
  4715 | D:5      | Entered Level 5 of the Dungeon
  4731 | D:5      | Reached XP level 7. HP: 34/39 MP: 3/12
  4764 | D:5      | Slain by an ice beast

Illustrated notes

Levels and vault maps discovered:
D:1:      scummos_arrival_simple_crosswalls, layout_rooms
D:2:      layout_loops_ring, basic_altar, ebering_ecumenical_altar_webs
D:3:      layout_basic, uniq_robin, uniq_ijyb, uniq_crazy_yiuf_cottage
D:4:      nicolae_BIG_FREAKIN_CUBE, layout_basic, amcnicky_altar_gilded,
          nicolae_vehumet_altar_sigil
D:5:      layout_cave_pools, lemuel_crystal_altar,
          mainiacjoe_overflow_cross_hatched, nicolae_yredelemnul_corpse_copse,
          nicolae_wu_jian_glorious_leap, minmay_misc_feat_encased

Skill      XL: |  1  2  3  4  5  6 |
---------------+-------------------+-----
Earth Magic    | 4 5 |  5.5
Dodging        | 2 3 |  3.0
Maces & Flails | 1 |  1.6
Armour         | 1 2 |  2.2
Spellcasting   | 3 |  3.3
Staves         | 1 |  1.9
Fighting       | 1 |  1.6
Stealth        | |  2.6
Conjurations   | |  0.2
Transmutations | |  0.7

Action                   |  1- 3 |  4- 6 |  7- 9 || total
-------------------------+-------+-------+-------++-------
Melee: Mace              |    56 |    80 |       ||   136
       Quarterstaff      |       |    82 |    17 ||    99
       Punch             |       |     1 |       ||     1
 Cast: Sandblast         |    30 |    45 |     3 ||    78
       Stone Arrow       |       |     3 |     1 ||     4
  Use: Scroll            |       |     2 |       ||     2
 Stab: Sleeping          |     2 |       |       ||     2
Armor: Robe              |    24 |       |       ||    24
       Ring mail         |       |   133 |    23 ||   156
Dodge: Dodged            |    44 |   139 |     7 ||   190

Table legend: (Time is in decaauts)
 A = Elapsed time spent in this place.
 B = Non-inter-level travel time spent in this place.
 C = Inter-level travel time spent in this place.
 D = Time resting spent in this place.
 E = Time spent auto-exploring this place.
 F = Levels seen in this place.
 G = Mean time per level.
                   A        B        C        D        E       F      G
               +--------+--------+--------+--------+--------+-----+--------+
         Total |   4838 |   3972 |    866 |   1720 |   1330 |   5 |  967.6 |
       Dungeon |   4838 |   3972 |    866 |   1720 |   1330 |   5 |  967.6 |
               +--------+--------+--------+--------+--------+-----+--------+

Top non-repeatable levels by time:
     D:3: 2634 daAuts
     D:2: 854 daAuts
     D:4: 756 daAuts
     D:1: 540 daAuts
     D:5: 52 daAuts
